 Dungeon Crawl Stone Soup version 0.30.0-17-ge0270778cf (webtiles) character file.

Game seed: 7682923149284468088

971 Diggabert the Destroyer (level 7, 0/40 HPs)
             Began as a Deep Elf Conjurer on May 23, 2023.
             Was an Initiate of Vehumet.
             Slain by an ice beast (13 damage)
             ... on level 5 of the Dungeon.
             The game lasted 00:10:31 (4522 turns).

Diggabert the Destroyer (Deep Elf Conjurer)         Turns: 4522, Time: 00:10:32

Health: 0/40       AC:  5    Str:  8    XL:     7   Next: 94%
Magic:  15/19      EV: 13    Int: 25    God:    Vehumet [......]
Gold:   138        SH:  0    Dex: 19    Spells: 6/20 levels left

rFire   . . .        s - +0 dagger (elec)
rCold   . . .        (no shield)
rNeg    . . .        n - +0 leather armour "Butt" {Regen+ Str+4 Stlth+}
rPois   +            (no helmet)
rElec   .            (no cloak)
rCorr   .            (no gloves)
SInv    .            q - +1 pair of boots
Will    .....        (no amulet)
Stlth   +++          j - ring of poison resistance
HPRegen 1.06/turn    l - +6 ring of dexterity
MPRegen 0.16/turn

%: no passive effects
@: no status effects
A: no striking features
a: Renounce Religion


You were on level 5 of the Dungeon.
You worshipped Vehumet.
Vehumet was noncommittal.
You visited 2 branches of the dungeon, and saw 6 of its levels.

You collected 138 gold pieces.

Inventory:

Hand Weapons
 s - a +0 dagger of electrocution (weapon)
Armour
 n - the +0 leather armour "Butt" (worn) {Regen+ Str+4 Stlth+}
   (You found it on level 2 of the Dungeon)

   Str:       It affects your strength (+4).
   Regen:     It increases your rate of health regeneration.
   Stlth:     It makes you more stealthy.
 q - a +1 pair of boots (worn)
Jewellery
 a - a ring of protection from cold
 j - a ring of poison resistance (left hand)
 l - a +6 ring of dexterity (right hand)
Scrolls
 c - 2 scrolls of teleportation
 e - a scroll of torment
 f - a scroll of poison
 g - a scroll of immolation {unknown}
 k - 2 scrolls of magic mapping
 o - 3 scrolls of enchant armour
 r - 2 scrolls of silence {unknown}
Potions
 b - a potion of magic
 d - a potion of ambrosia
 h - a potion of heal wounds
 i - a potion of flight
 m - 2 potions of attraction
 p - a potion of invisibility


   Skills:
 * Level 2.1 Fighting
 * Level 3.9 Dodging
 - Level 2.4 Stealth
 * Level 7.1 Spellcasting
 * Level 8.0 Conjurations
 * Level 2.9 Hexes


You had 6 spell levels left.
You knew the following spells:

 Your Spells              Type           Power      Damage    Failure   Level
a - Magic Dart            Conj           100%       1d8       1%          1
b - Searing Ray           Conj           98%        2d8       1%          2
c - Dazzling Flash        Conj/Hex       72%        N/A       3%          3
d - Fulminant Prism       Conj/Hex       18%        3d10      10%         4
e - Iskenderun's Mystic   Conj/Tloc      29%        2d7       19%         4

Your spell library contained the following spells:

 Spells                   Type           Power      Damage    Failure   Level
 Necrotise                Necr           32%        1d5       10%         1
 Blink                    Tloc           16%        N/A       14%         2
 Sublimation of Blood     Necr           8%         N/A       14%         2
 Inner Flame              Hex/Fire       16%        N/A       16%         3
 Flame Wave               Conj/Fire      29%        2d9       19%         4
 Sticky Flame             Conj/Fire      29%        2d5       19%         4
 Vampiric Draining        Necr           8%         2d6       28%         3
 Irradiate                Conj/Tmut      14%        3d16      45%         5
 Manifold Assault         Tloc           8%         N/A       67%         4
 Petrify                  Tmut/Erth      8%         N/A       67%         4
 Agony                    Necr           8%         N/A       95%         5
 Storm Form               Tmut/Air       4%         N/A       100%        7


Dungeon Overview and Level Annotations

Branches:
Dungeon (5/15)             Temple (1/1) D:4

Altars:
Ashenzari
Cheibriados
Elyvilon
Fedhas
Gozag
Kikubaaqudgha
Qazlal
Sif Muna
Trog
Uskayaw
Vehumet
Wu Jian
Xom
Yredelemnul


Message History

Casting: Searing Ray (safe; 1% risk of failure)
Confirm with . or Enter, or press ? or * to list all spells.
Aiming: Searing Ray (safe; 1% risk of failure)
Press: ? - help, Shift-Dir - straight line, f - water moccasin
Aim: a water moccasin (severely wounded, 70% to hit)
The searing ray hits the water moccasin!
The water moccasin is almost dead. (Press . to maintain the ray.)
The water moccasin barely misses you.
The searing ray hits the water moccasin.
You kill the water moccasin!
Vehumet accepts your kill.
Your Spellcasting skill increases to level 7!
Your Conjurations skill increases to level 8!
You start resting.
HP restored.
You start resting.
Magic restored.
You climb downwards.
You hear the sound of rushing water.
There is an entrance to a sewer on this level.
Hurry and find it before the portal rusts away!
You hear the slow rusting of a drain nearby.
The ice beast hits you but does no damage.
There is a stone staircase leading up here.
Casting: Searing Ray (safe; 1% risk of failure)
Confirm with . or Enter, or press ? or * to list all spells.
Aiming: Searing Ray (safe; 1% risk of failure)
Press: ? - help, Shift-Dir - straight line, f - ice beast
Aim: an ice beast (83% to hit)
The searing ray hits the ice beast.
The ice beast is lightly wounded. (Press . to maintain the ray.)
The ice beast hits you. The ice beast freezes you!
The searing ray hits the ice beast!
The ice beast is heavily wounded.
The ice beast hits you. The ice beast freezes you!
The searing ray hits the ice beast!
The ice beast is severely wounded.
The ice beast hits you. The ice beast freezes you!
You die...

#. .#.# . ..
.#. ..#.#
#.. # ...
###.. .#
.......#..#.
#.#........
#..†......#
#@....#
#Y.......
#........
#........
#........
#........
#.####...
#.# ...


You could see an ice beast.

Vanquished Creatures
  Sigmund (D:2)
  A steam dragon (D:5)
  A water moccasin (D:4)
  An ogre (D:4)
  A phantom (D:4)
  A hound (D:4)
  3 orc priests (D:3)
  An iguana (D:5)
  Terence (D:2)
  Natasha (thrice) (D:4)
  4 orc wizards (D:3)
  An adder (D:2)
  A shadow imp (D:4)
  2 dart slugs (D:1)
  11 orcs
  4 ball pythons
  7 bats
  3 endoplasms
  2 giant cockroaches
  11 goblins
  8 hobgoblins
  A jackal (D:1)
  2 quokkas (D:2)
  4 frilled lizards
  5 kobolds
  4 rats
84 creatures vanquished.

Notes
Turn   | Place    | Note
-------+----------+-------------------------------------------
     0 | D:1      | Diggabert the Deep Elf Conjurer began the quest for the
                  | Orb.
     0 | D:1      | Reached XP level 1. HP: 10/10 MP: 6/6
   266 | D:1      | Reached XP level 2. HP: 15/15 MP: 6/8
   271 | D:1      | Learned a level 2 spell: Searing Ray
   420 | D:1      | Reached skill level 5 in Conjurations
   765 | D:2      | Reached XP level 3. HP: 19/19 MP: 5/9
   769 | D:2      | Learned a level 3 spell: Dazzling Flash
   993 | D:2      | Identified the +0 leather armour "Butt" {Regen+ Str+4
                  | Stlth+}
  1055 | D:2      | Found an ornate altar of the Wu Jian Council.
  1057 | D:2      | Noticed Terence
  1063 | D:2      | Killed Terence
  1485 | D:2      | Noticed Sigmund
  1498 | D:2      | Killed Sigmund
  1499 | D:2      | Reached skill level 1 in Fighting
  1499 | D:2      | Reached skill level 6 in Conjurations
  1499 | D:2      | Reached skill level 1 in Hexes
  1499 | D:2      | Reached XP level 4. HP: 25/25 MP: 4/12
  1499 | D:2      | Reached XP level 5. HP: 29/29 MP: 4/13
  1504 | D:2      | Learned a level 4 spell: Fulminant Prism
  2162 | D:3      | Reached XP level 6. HP: 34/34 MP: 6/14
  2169 | D:3      | Learned a level 4 spell: Iskenderun's Mystic Blast
  2331 | D:3      | Found a shimmering blue altar of Sif Muna.
  2512 | D:3      | Reached skill level 7 in Conjurations
  2645 | D:3      | Reached skill level 5 in Spellcasting
  2953 | D:3      | Found a broken altar of Ashenzari.
  3405 | D:4      | Found a bloodstained altar of Trog.
  3487 | D:4      | Reached XP level 7. HP: 38/38 MP: 2/17
  3850 | D:4      | Found a staircase to the Ecumenical Temple.
  3856 | Temple   | Entered the Ecumenical Temple
  3902 | Temple   | Became a worshipper of Vehumet
  4080 | D:4      | Noticed Natasha
  4086 | D:4      | Killed Natasha
  4147 | D:4      | Noticed Natasha
  4151 | D:4      | Killed Natasha
  4220 | D:4      | Noticed Natasha
  4224 | D:4      | Killed Natasha
  4392 | D:5      | Entered Level 5 of the Dungeon
  4392 | D:5      | Noticed a steam dragon
  4398 | D:5      | Killed a steam dragon
  4410 | D:4      | Reached skill level 8 in Conjurations
  4522 | D:5      | Slain by an ice beast

Illustrated notes

Levels and vault maps discovered:
D:1:      lightli_molten_gateway, layout_basic, minmay_tetromino_t4
D:2:      layout_basic, basic_altar, roderic_filled_cross, uniq_sigmund,
          uniq_terence
D:3:      kennysheep_the_goblin_king, layout_loops_corners,
          nicolae_sif_muna_condensation, lemuel_tele_altar
D:4:      layout_gridville, mainiacjoe_overflow_tiny_flanked,
          minmay_temple_entry_arrows, uniq_natasha
D:5:      layout_rooms, gup_sewer_entry_spiral, serial_shops, shop,
          nicolae_shop_crystal, minmay_crystal_water, corner_web_ring
Temple:   nicolae_temple_x_marks_the_god

Skill      XL: |  1  2  3  4  5  6  7 |
---------------+----------------------+-----
Conjurations   | 5 6 7 8 |  8.0
Fighting       | 1 2 |  2.1
Dodging        | 3 |  3.9
Spellcasting   | 4 5 7 |  7.1
Hexes          | 1 2 |  2.9
Stealth        | |  2.4

Action                     |  1- 3 |  4- 6 |  7- 9 || total
---------------------------+-------+-------+-------++-------
  Melee: Dagger            |       |     4 |       ||     4
   Cast: Magic Dart        |    40 |    55 |    27 ||   122
         Searing Ray       |     7 |    16 |    13 ||    36
    Use: Scroll            |       |    10 |       ||    10
 Armour: Robe              |     1 |       |       ||     1
         Leather armour    |       |     5 |     2 ||     7
  Dodge: Dodged            |       |    10 |     9 ||    19
